 Dungeon Crawl Stone Soup version 0.26-b1-32-g5d43845318 (webtiles) character file.

Game seed: 266352083343203182

775053 Arum the Conqueror (level 27, -2/273 HPs)
             Began as a Formicid Fighter on Jan 7, 2021.
             Was the Champion of Okawaru.
             Killed from afar by Antaeus (27 damage)
             ... with a flash freeze
             ... on level 7 of Cocytus on Jan 8, 2021.
             The game lasted 04:21:10 (80779 turns).

Arum the Conqueror (Formicid Fighter)              Turns: 80779, Time: 04:21:11

Health: -2/273     AC: 53    Str: 19    XL:     27
Magic:  27/30      EV: 19    Int: 21    God:    Okawaru [******]
Gold:   8418       SH: 26    Dex: 19    Spells: 33/47 levels left

rFire    + . .     SeeInvis +   E - +9 lajatang (vamp)
rCold    + + +     Faith    .   c - +4 kite shield {AC+3}
rNeg     + . .     Spirit   .   L - +13 crystal plate armour of the Doldrums {rElec rC- Str-5 Slay+5}
rPois    +         Reflect  +   (helmet unavailable)
rElec    +         Harm     .   p - scarf {rC+ rF+}
rCorr    +         Rampage  .   m - +0 pair of gloves of Filigreed Contentment {rPois rF- Regen+ rCorr}
Will     +++..                  N - +2 pair of boots {Fly}
Stlth    ..........             l - amulet of reflection
HPRegen  0.95/turn              z - ring of Cystyh {rC++ Dex+6 Stlth+}
MPRegen  0.22/turn              Z - ring "Keghamet" {rC+ rN+ Str+6}

@: mighty, heroism, finesse, flying
A: permanent stasis, dig shafts and tunnels, four strong arms, antennae 3, claws
1, thin skeletal structure 1, clever 1, deterioration 1, fire resistance 1, low
mp 2, strong-willed 1, robust 1, weak 2, no potion heal 1
}: 4/15 runes: serpentine, barnacled, slimy, silver
a: Dig, Shaft Self, Stop Flying, Renounce Religion, Heroism, Finesse


You were on level 7 of Cocytus.
You worshipped Okawaru.
Okawaru was exalted by your worship.
You visited 14 branches of the dungeon, and saw 62 of its levels.
You visited the Abyss 2 times.
You visited 2 bazaars.
You also visited: Trove, Sewer, Gauntlet and Wizlab.

You collected 12166 gold pieces.
You spent 3748 gold pieces at shops.

Inventory:

Hand Weapons
 C - a +9 antimagic lajatang
 E - a +9 vampiric lajatang (weapon)
Missiles
 f - 46 javelins
 s - 11 throwing nets
 Y - 52 silver javelins
Armour
 c - a +4 kite shield of protection (worn)
 e - the +1 pair of boots "Lelik" {rN+ Dex+7 Stlth+}
   (You found it in a treasure trove)

   It affects your dexterity (+7).
   It protects you from negative energy.
   It makes you more stealthy.
 m - the +0 pair of gloves of Filigreed Contentment (worn) {rPois rF- Regen+ rCorr}
   (You acquired it on level 3 of the Elven Halls)

   It makes you vulnerable to fire.
   It protects you from poison.
   It increases your rate of regeneration.
   It provides partial protection from all sources of acid and corrosion.
 p - a scarf of resistance (worn)
 y - a +2 cloak of willpower
 L - the +13 crystal plate armour of the Doldrums (worn) {rElec rC- Str-5 Slay+5}
   (Okawaru gifted it to you on level 4 of the Pits of Slime)

   It affects your strength (-5).
   It affects your accuracy and damage with ranged weapons and melee attacks
   (+5).
   It makes you vulnerable to cold.
   It insulates you from electricity.
 M - the +8 orange crystal plate armour {Archmagi, Int+3 Clar}
   (You found it on level 7 of Cocytus)

   It affects your intelligence (+3).
   It protects you against confusion.
 N - a +2 pair of boots of flying (worn)
 O - the +1 pair of gloves of Nunkil {rElec rPois}
   (Okawaru gifted it to you on level 7 of Cocytus)

   It insulates you from electricity.
   It protects you from poison.
Jewellery
 l - an amulet of reflection (around neck)
 o - an uncursed ring of protection from fire
 u - the ring "Siywix" {Will+ MP+9}
   (You found it on level 3 of the Depths)

   [ring of magical power]

   It affects your willpower, your defense against some magical effects.
   It affects your magic capacity (+9).
 z - the ring of Cystyh (left hand) {rC++ Dex+6 Stlth+}
   (You took it off a naga warrior on level 4 of the Snake Pit)

   [ring of stealth]

   It affects your dexterity (+6).
   It greatly protects you from cold.
   It makes you more stealthy.
 B - the ring "Ykeufury" {rPois rF+ Stlth-}
   (You bought it in a shop on level 8 of the Dungeon)

   [ring of attention]

   It protects you from fire.
   It protects you from poison.
   It makes you less stealthy.
 P - the ring "Nuumn" {Wiz Will+ Int+5 Dex-2}
   (You found it in a treasure trove)

   [ring of wizardry]

   It improves your spell success rate.
   It affects your intelligence (+5).
   It affects your dexterity (-2).
   It affects your willpower, your defense against some magical effects.
 S - the ring of Fyaph {rPois rN++ Str+3 Dex-3 SInv}
   (You found it in a treasure trove)

   [ring of poison resistance]

   It affects your strength (+3).
   It affects your dexterity (-3).
   It protects you from poison.
   It greatly protects you from negative energy.
   It lets you see invisible.
 X - the ring of Xom's Fair Game {rC+ rN+}
   (You found it on level 3 of the Depths)

   [ring of protection from cold]

   It protects you from cold.
   It protects you from negative energy.
 Z - the ring "Keghamet" (right hand) {rC+ rN+ Str+6}
   (You acquired it in a Gauntlet)

   [ring of strength]

   It affects your strength (+6).
   It protects you from cold.
   It protects you from negative energy.
Wands
 n - a wand of digging (14)
 x - a wand of iceblast (58)
 K - a wand of acid (36)
Scrolls
 i - 6 scrolls of identify
 q - 42 scrolls of remove curse
 r - 7 scrolls of immolation
 v - 12 scrolls of fog
 A - 9 scrolls of fear
 F - 11 scrolls of magic mapping
 I - a scroll of silence
 U - 5 scrolls of holy word
 V - 4 scrolls of summoning
Potions
 a - 8 potions of heal wounds
 d - 7 potions of might
 g - 13 potions of lignification
 k - 11 potions of curing
 t - 4 potions of magic
 w - 8 potions of attraction
 G - 6 potions of cancellation
 H - 9 potions of ambrosia
 Q - 12 potions of mutation
 T - 2 potions of invisibility
 W - 4 potions of brilliance
Miscellaneous
 b - a lightning rod (3/4)
 h - a tin of tremorstones (inert)
 j - a condenser vane
 D - a phantom mirror
 J - the horn of Geryon
 R - a box of beasts


   Skills:
 O Level 27 Fighting
 - Level 23.0(27) Staves
 + Level 23.9(27) Armour
 - Level 21.0(26.0) Dodging
 + Level 17.1(22.1) Shields
 + Level 10.7 Spellcasting
 - Level 8.5 Necromancy
 + Level 11.5 Transmutations
 - Level 18.1 Invocations
 + Level 16.2 Evocations


You had 33 spell levels left.
You knew the following spells:

 Your Spells              Type           Power        Failure   Level
a - Statue Form           Tmut/Erth      23%          100%        6
b - Necromutation         Tmut/Necr      26%          100%        8

Your spell library contained the following spells:

 Spells                   Type           Power        Failure   Level
 Animate Skeleton         Necr           94%          2%          1
 Pain                     Necr           100%         2%          1
 Sublimation of Blood     Necr           23%          3%          2
 Vampiric Draining        Necr           23%          6%          3
 Sting                    Tmut/Pois      100%         7%          1
 Passwall                 Tmut/Erth      29%          10%         2
 Spider Form              Tmut/Pois      17%          21%         3
 Animate Dead             Necr           23%          22%         4
 Ignite Poison            Fire/Tmut/Pois 27%          41%         3
 Agony                    Necr           47%          52%         5
 Petrify                  Tmut/Erth      35%          54%         4
 Apportation              Tloc           22%          56%         1
 Corona                   Hex            12%          56%         1
 Foxfire                  Conj/Fire      44%          56%         1
 Magic Dart               Conj           44%          56%         1
 Shock                    Conj/Air       44%          56%         1
 Summon Small Mammal      Summ           44%          56%         1
 Call Imp                 Summ           11%          71%         2
 Ensorcelled Hibernation  Hex/Ice        22%          71%         2
 Poisonous Vapours        Pois/Air       22%          71%         2
 Searing Ray              Conj           22%          71%         2
 Slow                     Hex            11%          71%         2
 Alistair's Intoxication  Tmut/Pois      23%          88%         5
 Irradiate                Conj/Tmut      17%          88%         5
 Yara's Violent Unravell  Hex/Tmut       17%          88%         5
 Call Canine Familiar     Summ           11%          91%         3
 Confusing Touch          Hex            11%          91%         3
 Conjure Flame            Conj/Fire      11%          91%         3
 Dazzling Flash           Conj/Hex       22%          91%         3
 Gell's Gravitas          Tloc           5%           91%         3
 Inner Flame              Hex/Fire       11%          91%         3
 Lesser Beckoning         Tloc           5%           91%         3
 Mephitic Cloud           Conj/Pois/Air  11%          91%         3
 Static Discharge         Conj/Air       11%          91%         3
 Stone Arrow              Conj/Erth      22%          91%         3
 Summon Guardian Golem    Hex/Summ       11%          91%         3
 Teleport Other           Tloc           11%          91%         3
 Death Channel            Necr           23%          97%         6
 Borgnjor's Vile Clutch   Necr/Erth      14%          98%         5
 Dragon Form              Tmut           28%          99%         7
 Airstrike                Air            5%           100%        4
 Cause Fear               Hex            5%           100%        4
 Fulminant Prism          Conj/Hex       5%           100%        4
 Iskenderun's Mystic Bla  Conj/Tloc      11%          100%        4
 Leda's Liquefaction      Hex/Erth       5%           100%        4
 Passage of Golubria      Tloc           N/A          100%        4
 Sticky Flame             Conj/Fire      11%          100%        4
 Summon Ice Beast         Ice/Summ       11%          100%        4
 Summon Lightning Spire   Summ/Air       11%          100%        4
 Bolt of Magma            Conj/Fire/Erth 5%           100%        5
 Fireball                 Conj/Fire      5%           100%        5
 Lee's Rapid Deconstruct  Erth           5%           100%        5
 Lightning Bolt           Conj/Air       5%           100%        5
 Metabolic Englaciation   Hex/Ice        5%           100%        5
 Silence                  Hex/Air        5%           100%        5
 Eringya's Noxious Bog    Tmut/Pois      17%          100%        6
 Freezing Cloud           Conj/Ice/Air   5%           100%        6
 Invisibility             Hex            11%          100%        6
 Iron Shot                Conj/Erth      5%           100%        6
 Shadow Creatures         Summ           N/A          100%        6
 Simulacrum               Ice/Necr       14%          100%        6
 Haunt                    Necr/Summ      14%          100%        7
 Borgnjor's Revivificati  Necr           23%          100%        8
 Discord                  Hex            5%           100%        8
 Ignition                 Fire           5%           100%        8
 Infestation              Necr           23%          100%        8
 Death's Door             Necr           23%          100%        9
 Dragon's Call            Summ           5%           100%        9
 Shatter                  Erth           5%           100%        9
 Tornado                  Air            5%           100%        9
 Blink                    Tloc           Unusable     N/A         2
 Swiftness                Air            Unusable     N/A         2

Dungeon Overview and Level Annotations

Branches:
Dungeon (15/15)            Temple (1/1) D:7            Lair (6/6) D:10
 Shoals (4/4) Lair:2        Snake (4/4) Lair:2        Slime (5/5) Lair:6
    Orc (2/2) D:12            Elf (3/3) Orc:2        Vaults (5/5) D:13
  Crypt (3/3) Vaults:3       Tomb (0/3) Crypt:3      Depths (5/5) D:15
   Hell (visited)             Dis (0/7) Hell            Geh (0/7) Hell
    Coc (7/7) Hell            Tar (1/7) Hell            Zot (0/5) Depths:5
  Sewer (visited)          WizLab (visited)         Gauntlet (visited)

Altars:
Ashenzari
Cheibriados
Dithmenos
Elyvilon
Fedhas
Gozag
Hepliaklqana
Kikubaaqudgha
Makhleb
Nemelex Xobeh
Okawaru
Qazlal
Ru
Sif Muna
Trog
Uskayaw
Vehumet
Wu Jian
Xom
Yredelemnul
Zin
The Shining One

Shops:
D:4 =   D:8 =([=   D:13 *   D:14 !}   Orc:1 =   Orc:2 ((?(   Elf:3 [
Shoals:1 *   Snake:1 ==}   Vaults:3 ?   Vaults:4 *   Vaults:5 *

Portals:
Hell: Depths:1 Depths:2 Depths:3 Depths:4 Depths:5
Abyss: Depths:4 Depths:5
Pandemonium: Depths:3
Ziggurat: Depths:3

Annotations:
D:4 , 3 runed translucent doors, skk's ghost, amateur TeGl; skk's ghost, novice DDFi
Snake:2 2 transporters
Coc:7 exclusion: ice statue, Antaeus


Innate Abilities, Weirdness & Mutations

You cannot be hasted, slowed, berserked, paralysed or teleported.
You can dig through walls and to a lower floor.
Your four strong arms can wield two-handed weapons with a shield.
You have a pair of large antennae on your head. (SInv)
You have sharp fingernails.
You have a somewhat thin skeletal structure. (Dex +2, Stealth)
Your mind is acute. (Int +2)
Your body sometimes deteriorates upon taking damage.
Your flesh is heat resistant. (rF+)
Your magical capacity is very low. (-20% MP)
You are strong-willed. (Will+)
You are robust. (+10% HP)
You are very weak. (Str -4)
Potions are less effective at restoring your health.


Message History

Unknown command.
You gain the combat prowess of a mighty hero.
You block the quicksilver dragon zombie's attack.
The quicksilver dragon zombie barely misses you.
Antaeus gestures at you. The bolt of lightning misses you.
The bolt of lightning hits you! You resist.
* * * LOW HITPOINT WARNING * * *
The bolt of lightning hits Antaeus.
Antaeus completely resists.
You block the quicksilver dragon zombie's attack.
The quicksilver dragon zombie claws you.
* * * LOW HITPOINT WARNING * * *
Unknown command.
Unknown command.
Unknown command.
Unknown command.
You slash Antaeus!
Antaeus is moderately wounded.
Antaeus gestures at you. The flash freeze hits you!! You partially resist.
You die...

.....≈≈≈≈≈≈≈≈...≈≈≈≈≈≈≈
≈...≈≈≈≈≈≈≈≈≈≈≈.≈≈≈≈≈≈≈≈
≈≈..≈≈≈≈≈≈≈≈≈≈≈≈≈≈≈≈≈≈≈≈
....≈≈≈≈≈≈≈≈≈≈≈≈≈≈≈≈≈≈≈≈
..≈≈≈≈≈≈≈≈≈≈≈≈≈≈≈≈≈≈≈≈≈
#≈≈≈≈≈≈≈≈≈≈≈≈≈≈≈≈≈≈≈≈≈
#≈≈≈≈≈≈≈≈≈≈≈≈≈≈≈≈≈≈≈≈ ##########
#≈Z≈C≈≈≈≈≈≈≈≈≈≈≈≈≈≈≈
#.#......#######@≈≈≈≈≈≈≈≈≈≈≈≈≈≈≈≈
............#######≈≈≈≈≈≈≈≈≈≈≈≈≈#
..............### ####≈≈≈≈≈≈≈####
................### ######### #
..................### ###
#............≈≈≈≈≈≈≈###########..
##......)..≈≈≈≈≈≈≈≈≈≈≈≈..........
###....)≈≈≈≈≈≈≈≈≈≈≈≈≈≈≈≈........
####≈≈≈≈≈≈≈≈≈≈≈≈≈≈≈≈≈≈≈≈......


You could see Antaeus and a quicksilver dragon zombie.

Vanquished Creatures
  Dissolution (Slime:2)
  the Royal Jelly (Slime:5)
  the Serpent of Hell (Coc:7)
  The ghost of strangelove the Metallomancer, a master GrEE of Vehumet (Depths:1)
  2 ancient liches (Crypt:3)
  3 juggernauts
  Frederick (Crypt:2)
  Vashnia (Snake:2)
  13 shard shrikes (Coc:7)
  Saint Roka (Orc:2)
  Geryon (Hell)
  A golden dragon (Depths:4)
  7 bone dragons
  Jory (Crypt:1)
  A profane servitor (Abyss:3)
  Nikola (Shoals:1)
  A shard shrike zombie (Crypt:2)
  10 liches
  6 tentacled monstrosities
  16 Ice Fiends
  Jorgrun (Lair:2)
  4 titans
  A quicksilver dragon (Depths:3)
  3 deep elf blademasters
  A deep elf master archer (Elf:3)
  3 Executioners
  2 krakens (Shoals:4)
  19 acid blobs
  4 ancient champions
  14 tentacled starspawn
  8 sphinxes
  8 shadow dragons
  4 storm dragons
  6 tengu reavers
  A revenant (Hell)
  Roxanne (Shoals:1)
  9 fire giants
  16 azure jellies
  14 vault wardens
  6 nagarajas
  Louise (D:15)
  7 deep elf sorcerers
  A cacodemon (Abyss:2)
  A draconian scorcher (Depths:5)
  5 iron dragons
  15 frost giants
  4 curse skulls
  A draconian stormcaller (Abyss:3)
  3 elemental wellsprings
  3 spriggan defenders (Depths:1)
  2 deep elf elementalists (Elf:3)
  4 balrugs
  5 ghouls
  18 ironheart preservers
  11 reapers
  29 very ugly things
  8 war gargoyles
  6 vampire knights
  33 stone giants
  A minotaur (Gauntlet)
  3 lorocyprocas
  2 white draconians
  13 deep elf demonologists
  9 deep elf annihilators
  2 purple draconians (Depths:5)
  A yellow draconian (Depths:5)
  12 spark wasps (Depths:3)
  An eidolon (Crypt:2)
  Snorg (D:10)
  8 deep elf death magi
  23 ettins
  10 blizzard demons
  A green death (Abyss:3)
  6 merfolk javelineers
  11 fire dragons
  A crystal guardian (Vaults:4)
  2 quicksilver dragon zombies
  11 death oozes
  Erolcha (D:10)
  3 kraken zombies
  4 deep elf high priests
  21 yaktaur captains
  5 jiangshi
  19 great orbs of eyes
  7 merfolk impalers
  2 quicksilver dragon skeletons (Crypt:3)
  7 rakshasas
  An ice dragon (shapeshifter) (Vaults:3)
  6 spriggan air magi
  33 vault guards
  6 hydras
  4 merfolk avatars
  21 naga warriors
  27 ice dragons
  14 boulder beetles
  17 anacondas
  6 death knights
  12 centaur warriors
  An alligator snapping turtle (Shoals:3)
  An anaconda (shapeshifter) (Depths:5)
  38 two-headed ogres
  6 merfolk aquamancers
  9 ogre magi
  5 deep troll shamans
  15 hell hogs
  5 death yaks
  9 tengu warriors
  8 deep troll earth magi
  4 orc high priests
  29 dancing weapons
  8 spriggan berserkers
  15 shock serpents
  13 vampire magi
  20 naga sharpshooters
  34 thrashing horrors
  5 soul eaters
  2 iron golems (Depths:1)
  37 hell knights
  28 deep elf knights
  10 sun demons
  2 titan skeletons
  73 skeletal warriors
  3 iron trolls (Depths:3)
  6 sixfirhies
  2 shadow wraiths (Abyss:3)
  2 storm dragon skeletons
  13 salamander mystics
  3 spatial maelstroms
  A swamp dragon (shapeshifter) (Vaults:2)
  19 wretched stars
  2 golden dragon zombies (Coc:7)
  5 anaconda zombies
  A death drake (shapeshifter) (Depths:2)
  37 deep trolls
  49 starcursed masses
  An unseen horror (shapeshifter) (D:13)
  8 sea snakes
  8 unseen horrors
  2 orange crystal statues
  A deep troll (shapeshifter) (Depths:1)
  9 glowing orange brains
  7 flayed ghosts
  A shadow dragon zombie (Crypt:3)
  7 naga ritualists
  An orb spider (Abyss:3)
  46 large abominations
  A lindwurm (shapeshifter) (Vaults:4)
  2 wizards
  A wolf spider zombie (Coc:7)
  19 deep elf archers
  15 ironbrand convokers
  5 anaconda skeletons
  6 lindwurms
  25 orc knights
  62 deep elf magi
  9 phantasmal warriors
  31 harpies
  13 necromancers
  4 shadow dragon skeletons
  48 ugly things
  2 mana vipers (shapeshifter)
  An iron dragon zombie (Coc:7)
  6 wolf spiders
  13 mana vipers
  2 stone giant zombies
  A manticore (shapeshifter) (Elf:1)
  9 fauns
  4 shining eyes
  A moth of wrath (shapeshifter) (Elf:3)
  21 manticores
  3 moths of wrath (Depths:1)
  7 frost giant zombies
  10 orc sorcerers
  A fire giant zombie (Coc:7)
  2 iron dragon skeletons
  An eleionoma zombie (Crypt:1)
  2 will-o-the-wisps
  9 worldbinders
  16 salamanders
  8 cyclopes
  2 human skeletons
  A black mamba (shapeshifter) (Vaults:2)
  6 elephants (Lair:6)
  2 fire giant skeletons
  2 frost giant skeletons
  An ice statue (Coc:7)
  11 merfolk sirens
  2 guardian serpents (shapeshifter)
  2 elephants (shapeshifter)
  24 vault sentinels
  3 stone giant skeletons
  4 molten gargoyles
  10 water nymphs
  Psyche (D:9)
  13 smoke demons
  12 rust devils
  3 eyes of devastation
  A dire elephant zombie (Coc:7)
  A torpor snail (shapeshifter) (Vaults:3)
  43 black mambas
  11 cane toads
  A cane toad (shapeshifter) (Vaults:2)
  2 torpor snails
  13 guardian serpents
  9 orange demons
  Maggie (D:8)
  An alligator snapping turtle zombie (Crypt:2)
  4 apocalypse crabs
  22 naga magi
  A catoblepas zombie (Coc:4)
  7 gargoyles
  An elf zombie (Depths:1)
  A death yak zombie (Crypt:1)
  2 yaktaurs (shapeshifter) (Depths:4)
  A rime drake (shapeshifter) (Vaults:1)
  3 hellions
  A sea snake zombie (Crypt:1)
  38 yaktaurs
  3 dire elephant skeletons
  An emperor scorpion zombie (Coc:4)
  A yaktaur zombie (Vaults:3)
  35 freezing wraiths
  18 ancient zymes
  6 hellwings
  2 rime drakes
  3 efreet
  51 ice devils
  2 elf skeletons
  An anaconda simulacrum (Coc:7)
  8 tormentors
  8 komodo dragons
  2 catoblepas skeletons
  2 guardian mummies (Crypt:3)
  6 tengu conjurers
  2 polar bears
  A harpy zombie (Coc:5)
  A golden dragon simulacrum (Depths:3)
  A queen bee (D:9)
  10 wind drakes
  13 red devils
  11 hydra zombies
  10 hornets
  A queen ant zombie (Crypt:1)
  11 trolls
  4 raiju (shapeshifter)
  24 merfolk
  A snapping turtle (shapeshifter) (Depths:1)
  4 hydra skeletons
  3 harpy skeletons
  A hornet (shapeshifter) (Abyss:2)
  42 raiju
  19 blink frogs
  4 dream sheep (Lair:6)
  A meliai zombie (D:13)
  4 alligator zombies
  3 ettin zombies
  2 fire dragon zombies
  A stone giant simulacrum (Vaults:3)
  101 slime creatures
  An ice dragon zombie (Coc:3)
  6 snapping turtles
  6 shadows
  5 air elementals
  2 vampires
  9 wyverns
  2 black mamba zombies
  3 ice dragon skeletons
  A fire dragon skeleton (Crypt:3)
  26 flying skulls
  31 yaks
  18 wraiths
  A tarantella (shapeshifter) (D:14)
  9 ynoxinuls
  A deep troll skeleton (Depths:1)
  6 spriggans
  3 alligator skeletons
  22 water elementals
  7 basilisks
  A hog (shapeshifter) (Vaults:2)
  14 neqoxecs
  A black mamba skeleton (Coc:7)
  14 fire elementals
  A basilisk (shapeshifter) (Elf:1)
  15 golden eyes
  8 chaos spawn
  2 steam dragons (Lair:6)
  2 fire bats (Abyss:3)
  A catoblepas simulacrum (Crypt:2)
  2 yaktaur simulacra (Vaults:3)
  4 spatial vortices (Abyss:3)
  4 acid dragons
  7 wargs
  Edmund (D:6)
  50 nagas
  2 soldier ants (shapeshifter)
  3 swamp worms (D:11)
  20 hell hounds
  A soldier ant (D:13)
  An acid dragon (shapeshifter) (Abyss:3)
  A hydra simulacrum (Coc:4)
  14 water moccasins
  4 floating eyes
  2 cane toad zombies
  4 sky beasts
  2 fire dragon simulacra
  2 cane toad skeletons
  11 eyes of draining
  A floating eye (shapeshifter) (Vaults:5)
  51 orc warriors
  2 black bears
  6 ice beasts
  2 black bears (shapeshifter)
  2 necrophages
  9 centaurs
  3 manticore zombies
  28 ogres
  3 phantoms
  12 boggarts
  39 wolves
  A snapping turtle skeleton (Crypt:2)
  A blink frog skeleton (Crypt:1)
  A manticore skeleton (Coc:7)
  4 big kobolds
  17 bullfrogs
  2 wyvern zombies
  3 cane toad simulacra
  4 earth elementals
  A wyvern skeleton (D:7)
  38 small abominations
  2 scorpions
  2 water moccasin skeletons
  38 killer bees
  31 wights
  A yak skeleton (Crypt:2)
  3 electric eels
  A vampire bat (D:4)
  5 centaur zombies
  2 bullfrog zombies
  8 crimson imps
  5 lava snakes (Lair:6)
  5 hounds
  6 quasits
  4 jellies
  A soldier ant zombie (Crypt:2)
  8 centaur skeletons
  35 orc wizards
  7 bullfrog skeletons
  2 human zombies
  27 orc priests
  3 iron imps
  2 iguanas
  8 hell rats
  Natasha (thrice) (D:3)
  10 worker ants
  A naga zombie (Coc:7)
  An ogre skeleton (Crypt:3)
  A tengu skeleton (Coc:7)
  2 hound skeletons
  9 mummies
  A howler monkey zombie (D:9)
  A worker ant zombie (D:10)
  A gnoll (D:10)
  A howler monkey skeleton (D:8)
  A steam dragon zombie (Crypt:1)
  9 adders
  A swamp drake skeleton (Crypt:2)
  A shadow imp (D:9)
  27 white imps
  5 ufetubi
  3 worms
  2 dart slugs
  6 leopard geckos
  148 orcs
  12 bats
  4 giant cockroaches
  2 goblins
  5 hobgoblins
  7 jackals
  6 quokkas
  2 ball pythons (D:3)
  4 frilled lizards
  A giant cockroach zombie (D:5)
  A jackal skeleton (D:6)
  31 kobolds
  2 leopard gecko skeletons (D:4)
  An orc zombie (Coc:4)
  A quokka skeleton (D:8)
  11 rats
  4 crawling corpses (Vaults:5)
  12 starspawn tentacles
  16 tentacles
3489 creatures vanquished.

Vanquished Creatures (others)
  2 draconian scorchers (Depths:5)
  Aizul (Snake:2)
  A deep elf annihilator (Elf:3)
  A green death (Abyss:2)
  3 deep elf high priests
  A naga warrior (Snake:4)
  A hell hog (Abyss:2)
  A sea snake (Shoals:1)
  A naga ritualist (Snake:4)
  A phantasmal warrior (Vaults:5)
  A wizard (Vaults:3)
  2 deep elf magi
  3 flying skulls (Tar:1)
  A water elemental (Coc:7)
  2 golden eyes
  A chaos spawn (Abyss:3)
  A hell hound (Abyss:2)
  2 ogres
  A bullfrog (Lair:4)
  2 small abominations (Abyss:3)
  An orc priest (Orc:2)
  An iron imp (Abyss:3)
  An orc wizard (Orc:2)
  A hell rat (Depths:1)
  12 foxfires
  15 fungi
  2 lurking horrors
  82 plants
  31 starspawn tentacles
  41 tentacles
  A withered plant (Crypt:3)
217 creatures vanquished.

Grand Total: 3706 creatures vanquished

Notes
Turn   | Place    | Note
-------+----------+-------------------------------------------
     0 | D:1      | Arum the Formicid Fighter began the quest for the Orb.
     0 | D:1      | Reached XP level 1. HP: 18/18 MP: 1/1
   217 | D:1      | Reached XP level 2. HP: 24/24 MP: 2/2
   863 | D:2      | Reached XP level 3. HP: 27/29 MP: 3/3
   981 | D:2      | Reached XP level 4. HP: 16/37 MP: 4/4
  1323 | D:2      | Found a sparkling altar of Nemelex Xobeh.
  2216 | D:3      | Reached skill level 4 in Fighting
  2274 | D:3      | Reached XP level 5. HP: 9/42 MP: 5/5
  2562 | D:3      | Found a blossoming altar of Fedhas.
  2567 | D:3      | Found a radiant altar of Vehumet.
  2949 | D:3      | Noticed Natasha
  2960 | D:3      | Killed Natasha
  3035 | D:3      | Noticed Natasha
  3044 | D:3      | Killed Natasha
  3045 | D:3      | Reached XP level 6. HP: 41/49 MP: 6/6
  3057 | D:3      | Noticed Natasha
  3065 | D:3      | Killed Natasha
  3066 | D:3      | Reached skill level 5 in Shields
  3316 | D:4      | Found a transporter.
  3316 | D:4      | Noticed a black bear
  3320 | D:4      | Found a transporter.
  3347 | D:4      | Noticed an ogre
  3357 | D:4      | Killed an ogre
  3358 | D:4      | Reached skill level 5 in Fighting
  3358 | D:4      | Reached XP level 7. HP: 33/56 MP: 7/7
  3503 | D:4      | Reached skill level 5 in Armour
  3504 | D:4      | Found a bloodstained altar of Trog.
  3764 | D:4      | Found Nicac's Jewellery Boutique.
  3817 | D:4      | Found a glowing drain.
  3836 | Sewer    | Entered a sewer
  4029 | Sewer    | Found a glowing silver altar of Zin.
  4181 | D:4      | Found a runed translucent gate.
  4182 | D:4      | Found a runed translucent gate.
  4197 | D:4      | Found a runed translucent gate.
  4198 | D:4      | Noticed skk's ghost (novice DDFi)
  4198 | D:4      | Noticed skk's ghost (amateur TeGl)
  4260 | D:4      | Reached XP level 8. HP: 64/64 MP: 8/8
  4324 | D:4      | Reached skill level 6 in Fighting
  4425 | D:4      | Found a broken altar of Ashenzari.
  4500 | D:4      | Reached skill level 5 in Staves
  4855 | D:5      | Entered Level 5 of the Dungeon
  5309 | D:5      | Found a burning altar of Makhleb.
  5810 | D:6      | Reached skill level 7 in Fighting
  5907 | D:6      | Found a white marble altar of Elyvilon.
  5917 | D:6      | Reached XP level 9. HP: 72/72 MP: 9/9
  5935 | D:6      | Noticed Edmund
  5965 | D:6      | Killed Edmund
  6040 | D:6      | Found an iron altar of Okawaru.
  6048 | D:6      | Became a worshipper of Warmaster Okawaru
  6137 | D:6      | Found a shimmering blue altar of Sif Muna.
  6385 | D:6      | Found a stormy altar of Qazlal.
  6657 | D:6      | Found a snail-covered altar of Cheibriados.
  6937 | D:7      | Found a glowing golden altar of the Shining One.
  7040 | D:7      | Reached skill level 8 in Fighting
  7199 | D:7      | Found a staircase to the Ecumenical Temple.
  7420 | D:7      | Noticed a two-headed ogre
  7441 | D:7      | Killed a two-headed ogre
  7441 | D:7      | Reached * piety under Okawaru
  7442 | D:7      | Reached skill level 9 in Fighting
  7442 | D:7      | Reached XP level 10. HP: 17/83 MP: 10/10
  7996 | D:8      | Found Behamodi's Jewellery Emporium.
  7999 | D:8      | Bought the ring "Ykeufury" {rPois rF+ Stlth-} for 385 gold
                  | pieces
  8003 | D:8      | Found Pipute's Antique Armour Emporium.
  8205 | D:8      | Reached ** piety under Okawaru
  8548 | D:8      | Found Eblub's Jewellery Shoppe.
  8551 | D:8      | Found Fariujugg's Antique Weapon Boutique.
  8552 | D:8      | Noticed a two-headed ogre
  8565 | D:8      | Killed a two-headed ogre
  8565 | D:8      | Reached *** piety under Okawaru
  8566 | D:8      | Reached skill level 10 in Fighting
  8958 | D:8      | Noticed Maggie
  8976 | D:8      | Killed Maggie
  9173 | D:9      | Noticed Psyche
  9184 | D:9      | Killed Psyche
  9184 | D:9      | Reached **** piety under Okawaru
  9562 | D:9      | Noticed a cyclops
  9580 | D:9      | Reached XP level 11. HP: 91/92 MP: 11/11
  9590 | D:9      | Killed a cyclops
  9892 | D:9      | Reached ***** piety under Okawaru
  9934 | D:9      | Reached skill level 11 in Fighting
 10317 | D:9      | Noticed a two-headed ogre
 10353 | D:9      | Killed a two-headed ogre
 11109 | D:10     | Entered Level 10 of the Dungeon
 11392 | D:10     | Reached skill level 1 in Invocations
 11484 | D:10     | Noticed Snorg
 11501 | D:10     | Killed Snorg
 11501 | D:10     | Received a gift from Okawaru
 11502 | D:10     | Reached skill level 10 in Staves
 11704 | D:10     | Noticed an unseen horror
 11727 | D:10     | Killed an unseen horror
 11854 | D:10     | Noticed a two-headed ogre
 11857 | D:10     | Noticed a centaur warrior
 11871 | D:10     | Killed a two-headed ogre
 11872 | D:10     | Reached XP level 12. HP: 84/101 MP: 14/14
 11887 | D:10     | Killed a centaur warrior
 12112 | D:10     | Reached skill level 12 in Fighting
 12426 | D:10     | Found a portal to a secret trove of treasure.
 12471 | D:10     | Noticed an unseen horror
 12482 | D:10     | Killed an unseen horror
 12483 | D:10     | Reached skill level 5 in Invocations
 12547 | D:10     | Noticed Erolcha
 12560 | D:10     | Killed Erolcha
 12561 | D:10     | Reached skill level 10 in Armour
 12951 | D:10     | Found a staircase to the Lair.
 12961 | D:10     | Noticed an unseen horror
 12973 | D:10     | Killed an unseen horror
 12973 | D:10     | Received a gift from Okawaru
 14939 | D:12     | Found a staircase to the Orcish Mines.
 15092 | D:12     | Reached XP level 13. HP: 108/109 MP: 16/16
 15465 | D:12     | Reached skill level 13 in Fighting
 15602 | D:12     | Reached skill level 1 in Dodging
 16556 | D:13     | Identified a scroll of acquirement
 16556 | D:13     | Acquired 691 gold pieces
 16597 | D:13     | Noticed a centaur warrior
 16609 | D:13     | Killed a centaur warrior
 16609 | D:13     | Reached ****** piety under Okawaru
 16639 | D:13     | Received a gift from Okawaru
 16887 | D:13     | Noticed a vault guard
 16887 | D:13     | Noticed a vault guard
 16887 | D:13     | Noticed a vault guard
 16892 | D:13     | Noticed a vault guard
 16921 | D:13     | Killed a vault guard
 16932 | D:13     | Killed a vault guard
 16961 | D:13     | Killed a vault guard
 16961 | D:13     | Received a gift from Okawaru
 16983 | D:13     | Found a gate to the Vaults.
 16995 | D:13     | Killed a vault guard
 16995 | D:13     | Received a gift from Okawaru
 17068 | D:13     | You are sucked into a shaft and drop 1 floor!
 17078 | D:14     | Noticed a boulder beetle
 17079 | D:14     | Reached skill level 14 in Fighting
 17097 | D:14     | Killed a boulder beetle
 17131 | D:14     | Reached skill level 5 in Dodging
 17184 | D:14     | Received a gift from Okawaru
 17185 | D:14     | Reached XP level 14. HP: 43/120 MP: 17/17
 17673 | D:14     | Found Rikh's Gadget Shop.
 18045 | D:13     | Found Uguotod's General Store.
 18578 | D:14     | Found Miphap's Distillery.
 18668 | D:14     | Bought a potion of heal wounds for 80 gold pieces
 18668 | D:14     | Bought a potion of degeneration for 16 gold pieces
 18668 | D:14     | Bought 2 potions of heal wounds for 160 gold pieces
 19371 | D:15     | Entered Level 15 of the Dungeon
 19430 | D:15     | Found a gate leading to a gauntlet.
 19441 | Gauntlet | Entered a Gauntlet
 19441 | Gauntlet | Found a transporter.
 19441 | Gauntlet | Found a transporter.
 19441 | Gauntlet | Found a transporter.
 19441 | Gauntlet | Noticed a cacodemon
 19460 | Gauntlet | Found a transporter.
 19463 | Gauntlet | Found a transporter.
 19473 | Gauntlet | Found a transporter.
 19541 | Gauntlet | Found a transporter.
 19553 | Gauntlet | Found a transporter.
 19567 | Gauntlet | Found a transporter.
 19583 | Gauntlet | Found a transporter.
 19592 | Gauntlet | Found a transporter.
 19598 | Gauntlet | Found a transporter.
 19690 | Gauntlet | Reached skill level 15 in Fighting
 19766 | Gauntlet | Received a gift from Okawaru
 19814 | Gauntlet | Gained mutation: Your spells are a little easier to cast,
                  | but a little less powerful. [a neqoxec]
 19847 | Gauntlet | Noticed a minotaur
 19856 | Gauntlet | Killed a minotaur
 19871 | Gauntlet | Acquired the ring "Keghamet" {rC+ rN+ Str+6}
 19885 | Gauntlet | Got a transparent spear
 19886 | Gauntlet | Identified the +6 spear "Litona" {freeze, rC- Will+ Int+3}
                  | (You found it in a Gauntlet)
 20147 | D:15     | Reached XP level 15. HP: 128/129 MP: 18/18
 20266 | D:15     | Received a gift from Okawaru
 20570 | D:15     | Noticed Louise
 20634 | D:15     | Killed Louise
 21186 | D:15     | Found a staircase to the Depths.
 21482 | Orc:1    | Entered Level 1 of the Orcish Mines
 21518 | Orc:1    | Reached skill level 16 in Fighting
 21561 | Orc:1    | Found Puedag's Jewellery Boutique.
 21761 | Orc:1    | Bought an uncursed amulet of reflection for 420 gold pieces
 21801 | Orc:1    | Gained mutation: Scrolls take you a little longer to read.
                  | [a neqoxec]
 22076 | Orc:2    | Entered Level 2 of the Orcish Mines
 22281 | Orc:2    | Found a staircase to the Elven Halls.
 22327 | Orc:2    | Received a gift from Okawaru
 22332 | Orc:2    | Noticed Saint Roka
 22373 | Orc:2    | Killed Saint Roka
 22660 | Orc:2    | Reached skill level 15 in Staves
 22759 | Orc:2    | Found Gungoes's Antique Weapon Shop.
 22759 | Orc:2    | Found Qagry's Antique Weapon Shoppe.
 22761 | Orc:2    | Found Umehered's Magic Scroll Shoppe.
 22761 | Orc:2    | Found Mothynem's Weapon Shop.
 22772 | Orc:2    | Bought a runed lajatang for 504 gold pieces
 23138 | Lair:1   | Entered Level 1 of the Lair of Beasts
 23204 | Lair:1   | Reached XP level 16. HP: 132/139 MP: 19/19
 23259 | Lair:1   | Received a gift from Okawaru
 24005 | Lair:2   | Found a staircase to the Snake Pit.
 24124 | Lair:2   | Reached skill level 1 in Evocations
 24148 | Lair:2   | Found a staircase to the Shoals.
 24970 | Lair:3   | Reached skill level 10 in Dodging
 26136 | Lair:4   | Received a gift from Okawaru
 26156 | Lair:4   | Reached skill level 5 in Evocations
 26739 | Lair:4   | Reached skill level 17 in Fighting
 27901 | Lair:6   | Entered Level 6 of the Lair of Beasts
 27973 | Lair:6   | Received a gift from Okawaru
 27976 | Lair:6   | Got a pitted plate armour {god gift}
 27979 | Lair:6   | Identified the +9 plate armour "Etweat" {Str+2 Stlth+}
                  | (Okawaru gifted it to you on level 6 of the Lair of Beasts)
 28022 | Lair:6   | Found a staircase to the Slime Pits.
 28512 | Lair:6   | Reached XP level 17. HP: 147/147 MP: 20/20
 28721 | Lair:6   | Found a large runed translucent door.
 28721 | Lair:6   | Found a large runed translucent door.
 29309 | Snake:1  | Entered Level 1 of the Snake Pit
 29309 | Snake:1  | Noticed Jorgrun
 29330 | Lair:2   | Killed Jorgrun
 29922 | Snake:1  | Reached skill level 10 in Shields
 29940 | Snake:1  | Received a gift from Okawaru
 30419 | Snake:1  | You are sucked into a shaft and drop 1 floor!
 30483 | Snake:2  | Reached skill level 18 in Fighting
 30483 | Snake:2  | Reached XP level 18. HP: 157/157 MP: 21/21
 30615 | Snake:2  | Received a gift from Okawaru
 30710 | Snake:2  | Noticed Vashnia
 30780 | Snake:2  | Killed Vashnia
 31160 | Snake:2  | Identified the ring "Qazas" {Wiz Dex+6}
 31174 | Snake:2  | Found a transporter.
 31190 | Snake:2  | Found a transporter.
 31269 | Snake:2  | Reached XP level 19. HP: 164/164 MP: 22/22
 31341 | Snake:2  | Noticed Aizul
 31354 | Snake:2  | Killed Aizul
 31469 | Snake:2  | Received a gift from Okawaru
 31806 | Snake:1  | Acquired a manual of Invocations
 31913 | Snake:1  | Found Cival's Jewellery Shop.
 31915 | Snake:1  | Found Vetareas's Gadget Emporium.
 31916 | Snake:1  | Found Fiekar's Jewellery Shop.
 32337 | Snake:3  | Found a gateway to a bazaar.
 32373 | Bazaar   | Entered a bazaar
 32373 | Bazaar   | Found Raoqilu's Magic Scroll Shoppe.
 32373 | Bazaar   | Found Zoobrayg's Antique Armour Emporium.
 32397 | Bazaar   | Found Asaxim's General Store.
 32411 | Bazaar   | Found Qurov's Assorted Antiques.
 32441 | Bazaar   | Bought a scroll of identify for 20 gold pieces
 32441 | Bazaar   | Bought a scroll of identify for 20 gold pieces
 32441 | Bazaar   | Bought a scroll of identify for 20 gold pieces
 32441 | Bazaar   | Bought a scroll of magic mapping for 35 gold pieces
 32441 | Bazaar   | Bought a scroll of fog for 20 gold pieces
 32441 | Bazaar   | Bought a scroll of summoning for 95 gold pieces
 32441 | Bazaar   | Bought a scroll of remove curse for 30 gold pieces
 32441 | Bazaar   | Bought a scroll of magic mapping for 35 gold pieces
 32441 | Bazaar   | Bought a scroll of identify for 20 gold pieces
 32445 | Bazaar   | Bought a scroll of identify for 22 gold pieces
 32445 | Bazaar   | Bought 3 scrolls of remove curse for 99 gold pieces
 32445 | Bazaar   | Bought a potion of curing for 33 gold pieces
 32852 | Snake:3  | Received a gift from Okawaru
 32892 | Snake:3  | Reached skill level 19 in Fighting
 33506 | Snake:4  | Entered Level 4 of the Snake Pit
 34068 | Snake:4  | Reached skill level 10 in Invocations
 34121 | Snake:4  | Identified the ring of Cystyh {rC++ Dex+6 Stlth+}
 34141 | Snake:4  | Reached XP level 20. HP: 74/174 MP: 22/27
 34424 | Snake:4  | Received a gift from Okawaru
 34844 | Snake:4  | Got a serpentine rune of Zot
 35029 | Snake:4  | Reached skill level 15 in Armour
 35333 | Snake:4  | Acquired 671 gold pieces
 35452 | Shoals:1 | Entered Level 1 of the Shoals
 35453 | Shoals:1 | Identified Roxanne's Grimoire of Transmutation
 35453 | Shoals:1 | Noticed Roxanne
 35470 | Shoals:1 | Noticed Nikola
 35485 | Shoals:1 | Killed Roxanne
 35496 | Shoals:1 | Killed Nikola
 35776 | Shoals:1 | Found Ofuz's Assorted Antiques.
 35784 | Shoals:1 | Bought a scroll of identify for 88 gold pieces
 35784 | Shoals:1 | Bought a pitted sapphire amulet for 220 gold pieces
 35788 | Shoals:1 | Identified the amulet of Disaster {RegenMP *Slow rPois
                  | SInv} (You bought it in a shop on level 1 of the Shoals)
 37373 | Shoals:3 | Received a gift from Okawaru
 37581 | Shoals:3 | Reached skill level 20 in Fighting
 38246 | Shoals:4 | Entered Level 4 of the Shoals
 38369 | Shoals:4 | Reached XP level 21. HP: 183/183 MP: 31/31
 38673 | Shoals:4 | Reached skill level 15 in Shields
 39027 | Shoals:4 | Found a runed translucent door.
 39130 | Shoals:4 | Reached skill level 15 in Invocations
 39224 | Shoals:4 | Got a barnacled rune of Zot
 40091 | Vaults:1 | Entered Level 1 of the Vaults
 40093 | Vaults:1 | Noticed a Tzitzimitl
 40110 | Vaults:1 | Noticed a Brimstone Fiend
 40401 | Vaults:1 | Received a gift from Okawaru
 40903 | Vaults:1 | Reached XP level 22. HP: 146/192 MP: 34/34
 41182 | Vaults:1 | Reached skill level 21 in Fighting
 41405 | Vaults:1 | Received a gift from Okawaru
 42120 | Vaults:2 | Received a gift from Okawaru
 43246 | Vaults:2 | Received a gift from Okawaru
 43426 | Vaults:2 | Identified the ring "Ysoxuas" {MP+9 Dex+2 Stlth+}
 43701 | Vaults:3 | Found a staircase to the Crypt.
 43710 | Vaults:3 | Reached XP level 23. HP: 202/202 MP: 35/35
 43953 | Vaults:3 | Reached skill level 22 in Fighting
 43980 | Vaults:3 | Received a gift from Okawaru
 44002 | Vaults:3 | Identified the +12 crystal plate armour "Irphiuh" {*Contam
                  | Rampage SInv} (Okawaru gifted it to you on level 3 of the
                  | Vaults)
 44421 | Vaults:3 | Found Qusty's Magic Scroll Emporium.
 44456 | Vaults:3 | Bought a scroll of identify for 26 gold pieces
 44456 | Vaults:3 | Bought a scroll of identify for 26 gold pieces
 44456 | Vaults:3 | Bought a scroll of remove curse for 39 gold pieces
 44456 | Vaults:3 | Bought a scroll of enchant weapon for 97 gold pieces
 44456 | Vaults:3 | Bought a scroll of enchant weapon for 97 gold pieces
 44456 | Vaults:3 | Bought a scroll of identify for 26 gold pieces
 45621 | Vaults:4 | Received a gift from Okawaru
 45629 | Vaults:4 | Reached XP level 24. HP: 160/213 MP: 36/36
 45977 | Vaults:4 | Found Coocoev's Assorted Antiques.
 46345 | Orc:2    | Got a fine quarterstaff {god gift}
 46349 | Orc:2    | Identified the +6 quarterstaff of Filay {spect, Int+2}
                  | (Okawaru gifted it to you on level 2 of the Orcish Mines)
 46357 | Elf:1    | Entered Level 1 of the Elven Halls
 46358 | Elf:1    | Lost mutation: Scrolls take you a little longer to read.
                  | [potion of mutation]
 46358 | Elf:1    | Lost mutation: Your spells are a little easier to cast, but
                  | a little less powerful. [potion of mutation]
 46358 | Elf:1    | Gained mutation: Armour fits poorly on your strangely
                  | shaped body. [potion of mutation]
 46358 | Elf:1    | Gained mutation: You do not regenerate when monsters are
                  | visible. [potion of mutation]
 46358 | Elf:1    | Lost mutation: Armour fits poorly on your strangely shaped
                  | body. [potion of mutation]
 46358 | Elf:1    | Gained mutation: Your flesh is heat resistant. (rF+)
                  | [potion of mutation]
 46359 | Elf:1    | Lost mutation: You do not regenerate when monsters are
                  | visible. [potion of mutation]
 46359 | Elf:1    | Lost mutation: Your flesh is heat resistant. (rF+) [potion
                  | of mutation]
 46359 | Elf:1    | Gained mutation: You have sharp fingernails. [potion of
                  | mutation]
 46359 | Elf:1    | Gained mutation: You are partially covered in molten
                  | scales. (AC +2) [potion of mutation]
 46380 | Elf:1    | Found a flickering gateway to a bazaar.
 46389 | Bazaar   | Entered a bazaar
 46389 | Bazaar   | Found Hagaes's Antique Armour Shoppe.
 46393 | Bazaar   | Found Cahurel's Armour Emporium.
 46401 | Bazaar   | Found Zukak's General Store.
 46409 | Bazaar   | Bought a potion of mutation for 120 gold pieces
 46409 | Bazaar   | Found Nomiutt's Magic Scroll Shoppe.
 46417 | Bazaar   | Bought a scroll of fear for 28 gold pieces
 46417 | Bazaar   | Bought a scroll of identify for 16 gold pieces
 46417 | Bazaar   | Bought a scroll of fear for 28 gold pieces
 46417 | Bazaar   | Bought a scroll of identify for 16 gold pieces
 46417 | Bazaar   | Bought a scroll of enchant armour for 60 gold pieces
 46551 | Elf:1    | Reached skill level 23 in Fighting
 47487 | Elf:2    | Received a gift from Okawaru
 47577 | Elf:2    | Identified Tuke's Compendium of Conjuration and the
                  | Traveller
 47632 | Elf:2    | Learned a level 6 spell: Statue Form
 47734 | Elf:2    | Found a runed translucent gate.
 47736 | Elf:2    | Found a runed translucent gate.
 47736 | Elf:2    | Found a runed translucent gate.
 47802 | Elf:2    | Found Zuwkabas's Armour Shop.
 48331 | Elf:2    | Cast into level 2 of the Abyss (+4 hand axe of distortion)
 48509 | Abyss:2  | Gained mutation: Your spells are a little easier to cast,
                  | but a little less powerful. [a neqoxec]
 48544 | Abyss:2  | Gained mutation: Your magical capacity is low. (-10% MP) [a
                  | neqoxec]
 49038 | Elf:2    | Escaped the Abyss
 49091 | Elf:2    | Received a gift from Okawaru
 49117 | Elf:2    | Got a brightly glowing quarterstaff {god gift}
 49118 | Elf:2    | Identified the +1 quarterstaff "Viughozxu" {holy, rElec rF-
                  | rC+++ MP-9 Str+3} (Okawaru gifted it to you on level 2 of
                  | the Elven Halls)
 49224 | Elf:2    | Reached skill level 10 in Evocations
 49440 | Elf:3    | Entered Level 3 of the Elven Halls
 49446 | Elf:3    | Identified the ring of Nugeyloxzi {+Fly rC+} (You found it
                  | on level 3 of the Elven Halls)
 49591 | Elf:3    | Found Qaukairaci's Armour Emporium.
 49977 | Elf:3    | Reached XP level 25. HP: 221/221 MP: 32/32
 50454 | Elf:3    | Identified the +9 morningstar of Eroaff {flame, MP+9 Str+4}
 50454 | Elf:3    | Identified the cursed -3 kite shield "Taicug" {Rampage rF+
                  | Slay+2}
 50525 | Elf:3    | Received a gift from Okawaru
 50526 | Elf:3    | Found the +6 Majin-Bo {vamp, MP+6 Int+6}
 50592 | Elf:3    | Acquired the +0 pair of gloves of Filigreed Contentment
                  | {rPois rF- Regen+ rCorr}
 50683 | Elf:3    | Identified the ring of Knowledge {rElec Str+6 Int+4}
 50764 | Elf:3    | Identified the +5 mace of Cobruro {speed, rElec rF- rC++}
 51551 | Vaults:5 | Entered Level 5 of the Vaults
 51691 | Vaults:4 | Received a gift from Okawaru
 51780 | Vaults:5 | Received a gift from Okawaru
 52023 | Vaults:4 | Reached XP level 26. HP: 169/228 MP: 30/32
 52372 | Vaults:5 | Received a gift from Okawaru
 52487 | Vaults:5 | Identified the +4 chain mail "Tiutauha" {Dex+4} (Okawaru
                  | gifted it to you on level 5 of the Vaults)
 52816 | Vaults:5 | Identified the cursed +0 pair of boots of Cocytus {Int+4
                  | Stlth+} (You found it on level 5 of the Vaults)
 52890 | Vaults:5 | Reached skill level 15 in Dodging
 53248 | Vaults:5 | Got a silver rune of Zot
 53348 | Vaults:5 | Identified the +3 leather armour of Day {Int-2 Dex+8} (You
                  | found it on level 5 of the Vaults)
 53705 | Vaults:5 | Found Ybott's General Store.
 53973 | Depths:1 | Entered Level 1 of the Depths
 53976 | Depths:1 | Identified the cursed +1 lajatang of the Coin {vorpal,
                  | Stlth+}
 53984 | Depths:1 | Identified the +2 quick blade "Jiefriel" {flame, Int+5}
 53990 | Depths:1 | Noticed a juggernaut
 53995 | Depths:1 | Noticed a juggernaut
 53995 | Depths:1 | Noticed strangelove's ghost (master GrEE)
 54046 | Depths:1 | Identified the amulet "Telucvut" {RegenMP Int+3 Dex+4}
 54142 | Depths:1 | Received a gift from Okawaru
 54165 | Depths:1 | Found a transporter.
 54166 | Depths:1 | Found a bloodstained altar of Trog.
 54180 | Depths:1 | Found a transporter.
 54261 | Depths:1 | Found a gateway to Hell.
 54489 | Depths:1 | Reached XP level 27. HP: 235/235 MP: 32/32
 55585 | Depths:2 | Identified the amulet "Cuyggi" {RegenMP Str+4 Dex+5}
 55603 | Depths:2 | Received a gift from Okawaru
 56048 | Depths:3 | Found a one-way gate leading to the halls of Pandemonium.
 56056 | Depths:3 | Noticed a juggernaut
 56078 | Depths:3 | Killed a juggernaut
 56158 | Depths:3 | Received a gift from Okawaru
 56192 | Depths:3 | Got a wavering copper ring
 56193 | Depths:3 | Identified the ring "Siywix" {Will+ MP+9} (You found it on
                  | level 3 of the Depths)
 56199 | Depths:3 | Identified the +4 trident "Fugorexa" {vamp, Str+5} (You
                  | found it on level 3 of the Depths)
 56379 | Depths:3 | Got a vibrating wooden ring
 56380 | Depths:3 | Identified the ring of Xom's Fair Game {rC+ rN+} (You found
                  | it on level 3 of the Depths)
 56612 | Depths:3 | You are sucked into a shaft and drop 2 floors!
 56612 | Depths:5 | Entered Level 5 of the Depths
 56612 | Depths:5 | Found a gate to the Realm of Zot.
 56956 | Depths:5 | Identified the +1 ring mail of Greater Demons {rC+++ Int-2
                  | Dex+4} (You found it on level 5 of the Depths)
 57353 | Depths:5 | Received a gift from Okawaru
 57623 | Depths:5 | Found a one-way gate to the infinite horrors of the Abyss.
 58431 | Depths:4 | Found a glowing golden altar of the Shining One.
 59043 | Depths:3 | Reached skill level 24 in Fighting
 59081 | Depths:3 | Found a gateway to a ziggurat.
 59141 | Depths:3 | Identified the +8 chain mail of the Gate {rC+} (You found
                  | it on level 3 of the Depths)
 59448 | Depths:3 | Received a gift from Okawaru
 60103 | Crypt:1  | Entered Level 1 of the Crypt
 60142 | Crypt:1  | Found a magical portal.
 60157 | WizLab   | Entered Wucad Mu's Monastery
 60319 | WizLab   | Found the +9 staff of Wucad Mu {channel}
 60770 | Crypt:1  | Identified the +6 war axe of Annoyance {drain, rF+} (You
                  | found it on level 1 of the Crypt)
 61216 | Crypt:1  | Noticed Jory
 61240 | Crypt:1  | Killed Jory
 61679 | Crypt:2  | Noticed Frederick
 61701 | Crypt:2  | Killed Frederick
 61732 | Crypt:2  | Received a gift from Okawaru
 61750 | Crypt:2  | Identified the -6 kite shield of Levity {Will+ Str+5 Dex+4}
                  | (Okawaru gifted it to you on level 2 of the Crypt)
 62373 | Crypt:2  | Found an ancient bone altar of Kikubaaqudgha.
 62851 | Crypt:3  | Entered Level 3 of the Crypt
 63342 | Crypt:3  | Identified the cursed +3 falchion of Strategic Superiority
                  | {vamp, Dex+2} (You found it on level 3 of the Crypt)
 63715 | Crypt:3  | Found a staircase to the Tomb.
 63734 | Crypt:3  | Identified the +0 chain mail "Kostricao" {+Fly MP+9 Str+5
                  | Int+3} (You found it on level 3 of the Crypt)
 64291 | Crypt:3  | Found an ancient bone altar of Kikubaaqudgha.
 64324 | Crypt:3  | Noticed an ancient lich
 64336 | Crypt:3  | Killed an ancient lich
 64341 | Crypt:3  | Noticed an ancient lich
 64357 | Crypt:3  | Killed an ancient lich
 64357 | Crypt:3  | Received a gift from Okawaru
 64959 | Hell     | Entered the Vestibule of Hell
 64959 | Hell     | Noticed Geryon
 65109 | Depths:1 | Received a gift from Okawaru
 65604 | Depths:1 | Reached skill level 15 in Evocations
 65816 | Hell     | Killed Geryon
 66096 | Hell     | Found a gateway to the freezing wastes of Cocytus.
 66193 | Hell     | Found a gateway to the decaying netherworld of Tartarus.
 66256 | Hell     | Reached skill level 25 in Fighting
 66281 | Hell     | Found a gateway to the ashen valley of Gehenna.
 66388 | Hell     | Found a gateway to the Iron City of Dis.
 66590 | Depths:1 | Killed a juggernaut
 66590 | Depths:1 | Received a gift from Okawaru
 66605 | Depths:1 | Killed a juggernaut
 66629 | Depths:1 | Killed strangelove's ghost
 67027 | Temple   | Entered the Ecumenical Temple
 67245 | D:10     | You paid a toll of 20 potions of curing to enter a treasure
                  | trove
 67246 | Trove    | Entered a treasure trove
 67259 | Trove    | Got a transparent ivory ring
 67267 | Trove    | Got a translucent lapis lazuli ring
 67276 | Trove    | Identified the ring of Fyaph {rPois rN++ Str+3 Dex-3 SInv}
                  | (You found it in a treasure trove)
 67277 | Trove    | Identified the ring "Nuumn" {Wiz Will+ Int+5 Dex-2} (You
                  | found it in a treasure trove)
 67284 | Trove    | Identified the +1 pair of boots "Lelik" {rN+ Dex+7 Stlth+}
                  | (You found it in a treasure trove)
 67289 | Trove    | Identified the +1 plate armour of the Bells {+Fly Int-4
                  | Dex+2} (You found it in a treasure trove)
 67789 | Slime:1  | Entered Level 1 of the Pits of Slime
 67891 | Slime:1  | Received a gift from Okawaru
 67904 | Slime:1  | Gained mutation: Your magical capacity is very low. (-20%
                  | MP) [a shining eye]
 67906 | Slime:1  | Gained mutation: You are weak. (Str -2) [a shining eye]
 67909 | Slime:1  | Gained mutation: Your magical capacity is extremely low.
                  | (-30% MP) [a shining eye]
 68651 | Slime:3  | Noticed Dissolution
 68668 | Slime:2  | Killed Dissolution
 69955 | Vaults:5 | Bought a scroll of immolation for 84 gold pieces
 69955 | Vaults:5 | Bought a potion of cancellation for 192 gold pieces
 70036 | Vaults:3 | Bought a scroll of immolation for 45 gold pieces
 70036 | Vaults:3 | Bought a scroll of remove curse for 39 gold pieces
 70036 | Vaults:3 | Bought a scroll of remove curse for 39 gold pieces
 71095 | Slime:4  | Received a gift from Okawaru
 71101 | Slime:4  | Identified the +13 crystal plate armour of the Doldrums
                  | {rElec rC- Str-5 Slay+5} (Okawaru gifted it to you on level
                  | 4 of the Pits of Slime)
 71245 | Slime:5  | Entered Level 5 of the Pits of Slime
 71254 | Slime:5  | Gained mutation: You occasionally shout uncontrollably at
                  | your foes. [a shining eye]
 71683 | Slime:5  | Noticed the Royal Jelly
 71712 | Slime:5  | Killed the Royal Jelly
 71985 | Slime:5  | Got a slimy rune of Zot
 72032 | Slime:5  | Identified the cursed ring "Hero's Friend" {EV-4 Int+2}
                  | (You found it on level 5 of the Pits of Slime)
 72078 | Slime:5  | Learned a level 8 spell: Necromutation
 72100 | Slime:5  | Identified the +10 plate armour of the Pink Corner {rN+++
                  | Int+3 Dex+3 Slay-4} (You found it on level 5 of the Pits of
                  | Slime)
 72769 | Depths:4 | Voluntarily entered the Abyss.
 72774 | Abyss:1  | Found a corrupted altar of Lugonu.
 72781 | Abyss:1  | Found a corrupted altar of Lugonu.
 72905 | Abyss:1  | Reached skill level 1 in Transmutations
 72957 | Abyss:1  | Reached skill level 26 in Fighting
 72957 | Abyss:1  | Reached skill level 1 in Spellcasting
 72957 | Abyss:1  | Reached skill level 1 in Necromancy
 73819 | Abyss:3  | Gained mutation: You are very weak. (Str -4) [a neqoxec]
 74307 | Abyss:3  | Gained mutation: Your body sometimes deteriorates upon
                  | taking damage. [a neqoxec]
 74392 | Abyss:3  | Received a gift from Okawaru
 74664 | Abyss:3  | Gained mutation: Scrolls take you a little longer to read.
                  | [a neqoxec]
 74673 | Abyss:3  | Gained mutation: Your body often deteriorates upon taking
                  | damage. [a neqoxec]
 74907 | Abyss:3  | Reached skill level 5 in Transmutations
 75025 | Abyss:3  | Received a gift from Okawaru
 75100 | Abyss:3  | Reached skill level 5 in Spellcasting
 75157 | Abyss:3  | Reached skill level 5 in Necromancy
 75331 | Abyss:3  | Gained mutation: Potions cannot restore your health. [a
                  | neqoxec]
 75689 | Abyss:3  | Gained mutation: You are dopey. (Int -2) [a neqoxec]
 75690 | Abyss:3  | Gained mutation: You are clumsy. (Dex -2) [a neqoxec]
 75847 | Abyss:4  | Reached skill level 27 in Fighting
 75990 | Depths:4 | Escaped the Abyss
 75994 | Depths:4 | Lost mutation: You are dopey. (Int -2) [potion of mutation]
 75994 | Depths:4 | Lost mutation: Scrolls take you a little longer to read.
                  | [potion of mutation]
 75994 | Depths:4 | Lost mutation: Your body often deteriorates upon taking
                  | damage. [potion of mutation]
 75994 | Depths:4 | Gained mutation: You are partially covered in icy blue
                  | scales. (AC +2) [potion of mutation]
 75994 | Depths:4 | Gained mutation: You are robust. (+10% HP) [potion of
                  | mutation]
 75995 | Depths:4 | Lost mutation: Your magical capacity is extremely low.
                  | (-30% MP) [potion of mutation]
 75995 | Depths:4 | Lost mutation: You are partially covered in icy blue
                  | scales. (AC +2) [potion of mutation]
 75995 | Depths:4 | Lost mutation: Your body sometimes deteriorates upon taking
                  | damage. [potion of mutation]
 75995 | Depths:4 | Gained mutation: Your flesh is heat resistant. (rF+)
                  | [potion of mutation]
 75996 | Depths:4 | Lost mutation: Your spells are a little easier to cast, but
                  | a little less powerful. [potion of mutation]
 75996 | Depths:4 | Lost mutation: You are partially covered in molten scales.
                  | (AC +2) [potion of mutation]
 75996 | Depths:4 | Lost mutation: You occasionally shout uncontrollably at
                  | your foes. [potion of mutation]
 75996 | Depths:4 | Gained mutation: You are strong-willed. (Will+) [potion of
                  | mutation]
 75996 | Depths:4 | Gained mutation: Your mind is acute. (Int +2) [potion of
                  | mutation]
 75997 | Depths:4 | Lost mutation: You are clumsy. (Dex -2) [potion of
                  | mutation]
 75997 | Depths:4 | Gained mutation: Your body sometimes deteriorates upon
                  | taking damage. [potion of mutation]
 75997 | Depths:4 | Gained mutation: You have a somewhat thin skeletal
                  | structure. (Dex +2, Stealth) [potion of mutation]
 76077 | Tar:1    | Entered Level 1 of Tartarus
 76553 | D:13     | Bought a scroll of brand weapon for 320 gold pieces
 76553 | D:13     | Bought a potion of mutation for 128 gold pieces
 76758 | Coc:1    | Entered Level 1 of Cocytus
 77021 | Coc:2    | Received a gift from Okawaru
 77037 | Coc:2    | Identified the +12 spear "Gram" {flame, *Drain Dex+8 SInv
                  | Stlth+} (Okawaru gifted it to you on level 2 of Cocytus)
 77968 | Coc:7    | Entered Level 7 of Cocytus
 78066 | Coc:7    | Received a gift from Okawaru
 78069 | Coc:7    | Identified the +1 pair of gloves of Nunkil {rElec rPois}
                  | (Okawaru gifted it to you on level 7 of Cocytus)
 78167 | Coc:7    | Noticed a shard shrike
 78170 | Coc:7    | Noticed a shard shrike
 78171 | Coc:7    | Noticed a shard shrike
 78172 | Coc:7    | Noticed a shard shrike
 78173 | Coc:7    | Killed a shard shrike
 78176 | Coc:7    | Killed a shard shrike
 78191 | Coc:7    | Killed a shard shrike
 78207 | Coc:7    | Killed a shard shrike
 78505 | Coc:7    | HP: 12/273 [??? (7)]
 78506 | Coc:7    | HP: 3/273 [skeletal warrior/+0 dire flail[the effects of
                  | Hell] (9)]
 78512 | Coc:7    | HP: 9/273 [??? (5)]
 79136 | Coc:7    | Noticed a shard shrike
 79148 | Coc:7    | Killed a shard shrike
 79172 | Coc:7    | Reached skill level 10 in Transmutations
 79198 | Coc:7    | Noticed a shard shrike
 79204 | Coc:7    | Killed a shard shrike
 79235 | Coc:7    | Noticed a shard shrike
 79238 | Coc:7    | Noticed a shard shrike
 79242 | Coc:7    | Noticed a shard shrike
 79250 | Coc:7    | Killed a shard shrike
 79261 | Coc:7    | Killed a shard shrike
 79268 | Coc:7    | Killed a shard shrike
 79428 | Coc:7    | Found the +8 orange crystal plate armour {Archmagi, Int+3
                  | Clar}
 79631 | Coc:7    | Noticed a shard shrike
 79648 | Coc:7    | Killed a shard shrike
 79803 | Coc:7    | Received a gift from Okawaru
 79804 | Coc:7    | Reached skill level 10 in Spellcasting
 79907 | Coc:7    | Noticed a shard shrike
 79914 | Coc:7    | Killed a shard shrike
 80009 | Coc:7    | Noticed a shard shrike
 80020 | Coc:7    | Killed a shard shrike
 80194 | Coc:7    | Noticed a shard shrike
 80200 | Coc:7    | Killed a shard shrike
 80399 | Coc:7    | Noticed the Serpent of Hell
 80442 | Coc:7    | Killed the Serpent of Hell
 80728 | Coc:7    | Noticed Antaeus
 80779 | Coc:7    | Killed from afar by Antaeus

Illustrated notes

Levels and vault maps discovered:
D:1:      wander_arrival_abandoned_jail, layout_loops_ring
D:2:      layout_basic, old_standard_altar
D:3:      layout_loops_ring, amethyst_overflow_temple_binary, uniq_natasha
D:4:      layout_cave_pools, gammafunk_temple_overflow_arena,
          gammafunk_ghost_cemetery, portal_sewer_entry_b, serial_shops,
          kennysheep_mini, roderic_batcave, trog_butcher_becter
D:5:      layout_loops_ring, bloody_makhleb
D:6:      layout_loops_ring, lemuel_crystal_altar, lemuel_crystal_altar,
          nicolae_qazlal_style_of_elements, overflow_temple_1_default,
          elyvilon_altar_1, uniq_edmund
D:7:      layout_basic, temple_statues, basic_altar
D:8:      layout_basic, serial_shops, shop, shop, shop,
          nicolae_shop_behind_doors, uniq_maggie
D:9:      layout_basic, special_room [special_room_bee], minmay_misc_feat_iff,
          grunt_decor_arrowhead, uniq_psyche
D:10:     minmay_the_grid_3x2 [minmay_the_grid_gridbox,
          minmay_the_grid_minigrid_large, minmay_the_grid_spin_star,
          minmay_the_grid_broken_lines, minmay_the_grid_diamond_grid,
          minmay_the_grid_prize_trominoes], layout_irregular_city,
          dpeg_oklobed_lair, enter_trove_0, uniq_snorg, uniq_erolcha
D:11:     layout_rooms, worms_lemuel
D:12:     minmay_angry_zag, layout_stronghold, hiddenorc2_lemuel,
          minmay_misc_feat_five
D:13:     layout_rooms, lightli_vaults_fourway_checkpoint, serial_shops,
          nicolae_shop_window_shopping, special_room [special_room_orc]
D:14:     layout_stronghold, serial_shops, shop, nicolae_shop_waterfront,
          minmay_misc_feat_doors
D:15:     hangedman_depths_entry_try_elsewhere_first, layout_basic,
          grunt_decor_junction, gauntlet_entry_generic, uniq_louise
Temple:   dshaligram_water_room_temple
Lair:1:   layout_roguey, lemuel_fruit_fields, serial_bayou_shore_b,
          infiniplex_staircase_pool
Lair:2:   layout_small_grid, minmay_shoals_entry_lonely_mermaid,
          dummy_snake_entry, chequers_serial_rivers_small_b, grunt_megastairs_5
Lair:3:   layout_cave_pods, nicolae_lair_grove_arrangements,
          grunt_forest_large_clearing_hut
Lair:4:   layout_layer_cave, grunt_forest_large_clearings, serial_bayou_shore_a,
          grunt_megastairs_1
Lair:5:   layout_long_grid, grunt_forest_stairs_basic
Lair:6:   cheibrodos_lair_end_hotspot, layout_regular_city, slime_dummy
Shoals:1: layout_shoals, serial_shops, shop_statue, uniq_roxanne, uniq_nikola
Shoals:2: layout_shoals, nicolae_shoals_water_elemental_grotto
Shoals:3: layout_shoals
Shoals:4: shoals_end_hangedman, layout_shoals, nicolae_shoals_square_sea_wall,
          lightli_airlock
Snake:1:  layout_layer_cave, dpeg_stationary_puzzle, minmay_shop_grove,
          uniq_jorgrun
Snake:2:  gammafunk_the_bubble [the_bubble_gammafunk_crates],
          layout_onion_interference, uniq_aizul, uniq_vashnia
Snake:3:  layout_rooms, serial_shops, bzr_entry_lakeside, serial_curves,
          eino_curves_01, eino_curves_01
Snake:4:  snake_pit_salamanders_mu, layout_cave_town
Slime:1:  layout_caves
Slime:2:  layout_caves, cheibrodos_slime_lost_civilization_5
Slime:3:  layout_caves, dissolution_awaits
Slime:4:  layout_caves, cheibrodos_slime_lost_civilization_7
Slime:5
Orc:1:    layout_caves, minmay_shop_enchanted_jewellery
Orc:2:    grunt_orc_tribal_feast, layout_diamond_mine,
          nicolae_orc_crystal_geode, uniq_saint_roka
Elf:1:    layout_loops_cross, serial_shops, bzr_firewalk,
          hangedman_corner_corridor
Elf:2:    layout_loops_ring, serial_shops, nicolae_shop_stone
Elf:3:    minmay_elf_hall_dome, layout_gridlike, serial_shops, shop_fountains
Vaults:1: ontoclasm_vaults_decontamination, v_alt_pattern_4, v_alt_pattern_2,
          v_misc_28, nicolae_vaults_murderbox, vaults_dpeg_encased_lava,
          hangedman_vaults_cutoff, layout_vaults_quadrants
Vaults:2: v_misc_25, ontoclasm_vaults_spin, v_misc_15, v_misc_24, v_pattern_5,
          v_rooms_6, v_misc_12, v_misc_27, st_spiral_rooms, vaults_dpeg_ring,
          vaults_standard_mumra_x, vaults_dpeg_hooks, layout_vaults_omnicross
Vaults:3: v_misc_18, minmay_crypt_entry_simple_sparse, hangedman_vaults_maws,
          ontoclasm_vaults_chip, nicolae_vaults_yaktaur_gun_rack,
          ontoclasm_vaults_misaligned, dpeg_vaults_pockets_of_resistance,
          hangedman_vaults_pinch, vaults_room_hallway,
          nicolae_vaults_mini_display_case, layout_vaults_ring, serial_shops,
          nicolae_shop_temple_entry_statues_fountains
Vaults:4: v_misc_29, ontoclasm_vaults_pinch, dpeg_vaults_monster_row,
          vaults_dpeg_diagonal, nicolae_vaults_puzzle_piece, st_cross,
          nicolae_vaults_circle_grid_b, vaults_room_hallway,
          vaults_mumra_hexcomb, nicolae_vaults_network_star,
          hangedman_vaults_trim, vaults_mumra_chevron, nicolae_vaults_asterisk,
          nicolae_vaults_gold_heap, layout_vaults_maze, serial_shops, shop
Vaults:5
Crypt:1:  layout_chaotic_city, infiniplex_enter_wizlab_glasses, uniq_jory
Crypt:2:  cheibrodos_crypt_eye_of_stone, layout_gridlike, grunt_megastairs_3,
          uniq_frederick
Crypt:3:  quadcrypt_mu
Depths:1: layout_roguey, gammafunk_ghost_wrathful_warriors, hellmouth_3,
          kennysheep_generic_room_11
Depths:2: minmay_box_of_statues, layout_cave_pools, hangedman_decor_growths,
          hell_entry
Depths:3: grunt_x_marks_the_spot, layout_honeycomb, enter_ziggurat_d, pan_entry,
          dk_noncrumbling_4, lightli_too_deep, minmay_misc_feat_plants,
          minmay_misc_feat_more_columns, uniq_margery
Depths:4: minmay_imperfect_grid, layout_basic, abyss_entry_crystal, hell_entry,
          tso_altar, st_stairs_9
Depths:5: grunt_zot_entry_bicorn, layout_small_grid, hell_entry,
          chequers_serial_rivers_small_3, abyss_entry_small_statue_room,
          nicolae_lava_and_water
Hell
Coc:1:    layout_ice_bergs
Coc:2:    layout_ice_bergs
Coc:3:    layout_ice_bergs
Coc:4:    layout_cocytus_water_paths
Coc:5:    layout_cocytus_water_paths
Coc:6:    layout_ice_bergs, serial_ice, serial_ice_d
Coc:7:    coc_mu
Tar:1:    layout_grid_maze

Skill      XL: |  1  2  3  4  5  6  7  8  9 10 11 12 13 14 15 16 17 18 19 20 21 22 23 24 25 26 27 |
---------------+----------------------------------------------------------------------------------+-----
Shields        | 4 5 6 7 9 10 11 13 14 15 17 | 17.1
Fighting       | 4 5 7 9 10 11 12 14 15 16 17 18 19 20 21 22 23 27 | 27.0
Armour         | 4 5 7 9 10 11 12 13 14 15 16 18 19 20 23 | 23.9
Staves         | 3 4 5 7 9 10 11 12 13 15 16 17 18 20 23 | 23.0
Invocations    | 3 5 10 13 16 17 18 | 18.1
Dodging        | 5 7 9 10 11 13 15 21 | 21.0
Evocations     | 8 10 16 | 16.2
Transmutations | 11 | 11.5
Spellcasting   | 10 | 10.7
Necromancy     | 8 |  8.5

Action                   |  1- 3 |  4- 6 |  7- 9 | 10-12 | 13-15 | 16-18 | 19-21 | 22-24 | 25-27 || total
-------------------------+-------+-------+-------+-------+-------+-------+-------+-------+-------++-------
Melee: Quarterstaff      |    74 |   174 |   383 |   967 |   261 |    52 |       |       |       ||  1911
       Lajatang          |       |       |       |       |  1017 |   982 |  1764 |  2037 |  7321 || 13121
Throw: Throwing net      |       |       |       |     1 |       |       |       |       |       ||     1
Invok: Heroism           |       |       |       |     7 |     3 |     1 |       |       |     5 ||    16
       Finesse           |       |       |       |     1 |       |       |     5 |     3 |    22 ||    31
 Abil: Dig               |       |     3 |       |     7 |    11 |     5 |     6 |    13 |    42 ||    87
Evoke: Wand              |       |       |     4 |     1 |       |       |       |       |     2 ||     7
       Tin of tremorston |       |       |       |       |       |       |       |       |     6 ||     6
       Lightning rod     |       |       |       |       |       |       |       |       |     3 ||     3
       Condenser vane    |       |       |       |       |       |       |       |       |     3 ||     3
       Horn of Geryon    |       |       |       |       |       |       |       |       |     1 ||     1
  Use: Scroll            |       |       |    11 |     6 |    23 |     8 |     4 |    10 |    42 ||   104
       Potion            |       |       |     1 |     1 |       |     1 |       |     2 |    14 ||    19
 Stab: Distracted        |       |       |       |       |       |       |       |     1 |     3 ||     4
       Invisible         |       |       |       |       |       |       |       |       |     3 ||     3
       Confused          |       |       |       |       |       |       |       |       |     1 ||     1
Armor: Scale mail        |    15 |       |       |       |       |       |       |       |       ||    15
       Fire dragon scale |    21 |    80 |   143 |   213 |       |       |       |       |       ||   457
       Storm dragon scal |       |       |       |   120 |   376 |   125 |       |       |       ||   621
       Plate armour      |       |       |       |       |       |   192 |   669 |   181 |       ||  1042
       Crystal plate arm |       |       |       |       |       |       |       |   532 |  3345 ||  3877
Dodge: Dodged            |    20 |    51 |   146 |   244 |   297 |   318 |   572 |   448 |  2580 ||  4676
Block: Kite shield       |    42 |    96 |   211 |   537 |   550 |   766 |  1650 |  1768 |  7066 || 12686
       Reflection        |       |       |       |       |     2 |    44 |   130 |   110 |   152 ||   438
